Construct Section Command Post
Selects Heavy Armor Battlegroup
Selects Heavy Armor Battlegroup
Construct Field Infirmary
Construct Platoon Command Post
6-pounder Anti-tank Gun Team
Unlock Bishop Self-propelled Artillery
Construct Company Command Post
Selects Rigorous Vehicle Training
Selects Forward Repair Assembly
Selects Churchill Black Prince Heavy Tank
Bishop Self-propelled Artillery
Selects Light Vehicle Withdraw and Refit
Churchill Black Prince Heavy Tank